 Dungeon Crawl Stone Soup version 0.24.0-37-gcf1ca852f1 (webtiles) character file.

Game seed: 4599860704530740873, levelgen mode: deterministic

13596 Bombadil the Thaumaturge (level 11, -3/55 (56) HPs)
             Began as a Deep Elf Venom Mage on Nov 30, 2019.
             Was an Elder of Vehumet.
             Slain by a swamp worm (22 damage)
             ... in a Gauntlet.
             The game lasted 00:38:18 (12948 turns).

Bombadil the Thaumaturge (Deep Elf Venom Mage)     Turns: 12948, Time: 00:38:19

HP:   -3/55 (56)    AC: 16    Str:  5    XL:     11   Next: 77%
MP:   4/31          EV: 14    Int: 24    God:    Vehumet [****..]
Gold: 281           SH:  0    Dex: 18    Spells: 14/39 levels left

rFire    . . .     SeeInvis .   J - +7 mace of Pride {venom, *Drain rElec Dex+3}
rCold    . . .     Gourm    .   (no shield)
rNeg     . . .     Faith    .   H - +3 leather armour
rPois    .         Spirit   .   I - +0 helmet
rElec    +         Reflect  .   R - +2 cloak {+Inv}
rCorr    .         Harm     .   P - +0 pair of gloves
MR       +....     NoTele   +   t - +0 pair of boots
Stlth    +++.......             w - amulet of regeneration
HPRegen  0.58/turn              f - +4 ring of protection
MPRegen  0.22/turn              b - ring of wizardry

@: very slightly contaminated
A: no striking features
a: Renounce Religion, Evoke Invisibility


You were in a Gauntlet.
You worshipped Vehumet.
Vehumet was greatly pleased with you.
You were not hungry.

You visited 3 branches of the dungeon, and saw 12 of its levels.
You also visited: Ossuary and Gauntlet.

You collected 625 gold pieces.
You spent 344 gold pieces at shops.

Inventory:

Hand Weapons
 J - the +7 mace of Pride (weapon) {venom, *Drain rElec Dex+3}
   (You took it off a gnoll on level 7 of the Dungeon)

   It poisons the flesh of those it strikes.
   It affects your dexterity (+3).
   It insulates you from electricity.
   It causes draining when unequipped.
Missiles
 Q - 2 throwing nets (quivered)
Armour
 t - a +0 pair of boots (worn)
 H - a +3 leather armour (worn)
 I - a +0 helmet (worn)
 O - a +2 leather armour of cold resistance
 P - a +0 pair of gloves (worn)
 R - a +2 cloak of invisibility (worn)
 X - a scarf of repulsion
 Z - +0 steam dragon scales
Magical Staves
 S - an uncursed staff of summoning
 V - an uncursed staff of poison {unknown}
Jewellery
 b - a ring of wizardry (right hand)
 d - a +2 amulet of reflection
 e - an uncursed ring of stealth
 f - a +4 ring of protection (left hand)
 v - an uncursed ring of protection from cold
 w - an amulet of regeneration (around neck)
 E - an uncursed ring of protection from fire {unknown}
Wands
 l - a wand of flame (54)
 o - a wand of iceblast (6)
 W - a wand of random effects (22)
Scrolls
 i - 4 scrolls of magic mapping
 k - 4 scrolls of teleportation
 m - 2 scrolls of remove curse
 p - 2 scrolls of fog {unknown}
 q - 3 scrolls of amnesia {unknown}
 u - 2 scrolls of blinking {unknown}
 y - 3 scrolls of immolation
 A - 2 scrolls of fear {unknown}
 B - 3 scrolls of enchant armour
 F - 2 scrolls of random uselessness {unknown}
 L - 4 scrolls of enchant weapon {unknown}
 U - a scroll of silence {unknown}
 Y - a scroll of torment {unknown}
Potions
 g - 8 potions of curing
 h - 2 potions of berserk rage
 j - 3 potions of flight
 r - a potion of resistance
 s - a potion of magic
 x - 6 potions of heal wounds
 z - a potion of agility
 G - 2 potions of ambrosia {unknown}
 K - 2 potions of mutation {unknown}
 M - 2 potions of haste
Miscellaneous
 a - a phial of floods
 T - a lamp of fire
Comestibles
 c - 25 rations
 n - 7 chunks of flesh


   Skills:
 + Level 1.6 Fighting
 - Level 0.2 Maces & Flails
 + Level 2.9 Armour
 + Level 5.1 Dodging
 + Level 4.6 Stealth
 + Level 14.5 Spellcasting
 + Level 6.2 Conjurations
 + Level 3.9 Fire Magic
 + Level 6.7 Air Magic
 + Level 11.2 Poison Magic
 + Level 0.3 Evocations


You had 14 spell levels left.
You knew the following spells:

 Your Spells              Type           Power        Failure   Level  Hunger
a - Sting                 Conj/Pois      ####         1%          1    None
b - Poisonous Vapours     Pois/Air       ######       1%          2    None
c - Mephitic Cloud        Conj/Pois/Air  ######..     1%          3    None
d - Olgreb's Toxic Radia  Pois           ######..     1%          4    None
e - Venom Bolt            Conj/Pois      ######....   1%          5    ##.....
f - Flame Tongue          Conj/Fire      #####        1%          1    None
g - Sticky Flame          Conj/Fire      #####...     1%          4    None
h - Iskenderun's Battles  Conj/Chrm      ####....     4%          5    ##.....

Your spell library contained the following spells:

 Spells                   Type           Power        Failure   Level  Hunger
 Inner Flame              Hex/Fire       ####....     1%          3    None
 Corona                   Hex            ###....      2%          1    None
 Ensorcelled Hibernation  Hex/Ice        ###...       3%          2    None
 Slow                     Hex            ###.....     3%          2    None
 Portal Projectile        Hex/Tloc       ###...       6%          3    None
 Silence                  Hex/Air        ####......   16%         5    ##.....
 Cause Fear               Hex            ###.......   21%         4    None
 Leda's Liquefaction      Hex/Erth       ###.......   21%         4    None
 Borgnjor's Vile Clutch   Necr/Erth      ###.......   50%         5    ##.....
 Darkness                 Hex            ###.......   96%         6    #####..
 Shadow Creatures         Summ           N/A          96%         6    #####..


Dungeon Overview and Level Annotations

Branches:
Dungeon (10/15)            Temple (1/1) D:4            Lair (1/6) D:10
    Orc (0/2) D:10        Ossuary (visited)         Gauntlet (1/1)

Altars:
Ashenzari
Cheibriados
Dithmenos
Elyvilon
Fedhas
Gozag
Hepliaklqana
Kikubaaqudgha
Makhleb
Nemelex Xobeh
Okawaru
Qazlal
Ru
Sif Muna
Trog
Uskayaw
Vehumet
Wu Jian
Xom
Yredelemnul
Zin
The Shining One

Shops:
D:7 [   D:9 }?   D:10 *[*

Annotations:
Gauntlet 9 transporters, 1 runed translucent door, exclusion: orange crystal statue


Message History

The swamp worm closely misses you. x2
You catch the helpless swamp worm completely off-guard!
You hit the swamp worm.
The swamp worm looks as sick as possible!
The swamp worm is heavily wounded.
The swamp worm barely misses you.
You barely miss the swamp worm.
The swamp worm is severely wounded.
You flicker back into view.
The swamp worm bites you but does no damage. x2
The slime creature quivers.
You hit the swamp worm.
The swamp worm looks as sick as possible!
The swamp worm is almost dead.
The swamp worm bites you! x2
Unknown command.
You fail to use your ability.
The swamp worm bites you!
Unknown command.
You fail to use your ability.
The swamp worm bites you!!
You die...

#.#.#≈#≈#...#....w..#.....#..
#.#.≈≈≈≈≈.P.#########.....#.©
#©#.#≈#≈#P♣............∩..#..
#.#.≈≈≈≈≈P..#########.....#.©
#.#.#≈#≈#...#.##.#.=#.....#..
#.#...PPP...##.#..###...P.#.©
#.#...♣P..####..##.##..P♣.#..
#.#.......#©#.##©#.©#.P...#.♣
#.#########.##.#@.###.♣..##..
#.###...###[##ww##.##...##
#.###...###.#.##.#?!#...≈##
#.#..÷##.##.#########.P.≈≈#
#©#.)#©#.©#©#.........♣.≈##
###..##+(##.#########...##
..###..[###.#..JJJ..#...≈##
..###...###.#.##^..)#.P.≈≈#
..#########.#.##.^.!#.♣.≈##


You could see 2 slime creatures, a death ooze and 2 swamp worms.

Vanquished Creatures
  Harold (D:8)
  2 two-headed ogres (D:10)
  Erica (D:10)
  Pikel (D:4)
  Maurice (D:8)
  Joseph (D:8)
  2 rime drakes (Lair:1)
  A komodo dragon (Lair:1)
  A queen bee (Gauntlet)
  2 trolls
  A tyrant leech (Gauntlet)
  Grinder (D:5)
  A raiju (Gauntlet)
  A hornet (D:9)
  A hippogriff (D:7)
  4 wyverns
  4 yaks
  2 steam dragons (Gauntlet)
  A swamp worm (Gauntlet)
  A porcupine (Lair:1)
  A phantom (D:7)
  5 orc warriors
  2 ice beasts
  2 sky beasts
  An eye of draining (D:9)
  A necrophage (D:10)
  7 ogres
  2 wolves (D:10)
  4 centaurs
  2 crocodiles (Lair:1)
  5 bullfrogs
  4 scorpions
  5 killer bees (Gauntlet)
  2 electric eels (D:10)
  4 howler monkeys
  8 centaur zombies
  2 crimson imps (D:5)
  8 hounds
  A lava snake (Lair:1)
  A quasit (D:10)
  4 bullfrog zombies
  4 jellies
  4 centaur skeletons
  3 orc priests
  A gnoll shaman (D:7)
  Ijyb (D:2)
  Terence (D:3)
  3 iguanas
  10 orc wizards
  4 worker ants
  A big kobold zombie (Ossuary)
  3 hound zombies
  5 mummies (Ossuary)
  A howler monkey zombie (D:7)
  3 worker ant zombies (D:6)
  12 gnolls
  7 adders
  3 shadow imps
  An ooze (D:1)
  An adder skeleton (D:9)
  3 adder zombies
  A worm (D:5)
  4 dart slugs (D:1)
  3 leopard geckos
  34 orcs
  A ball python (D:1)
  3 giant cockroaches
  5 goblins
  4 hobgoblins
  10 jackals
  9 kobolds
  7 quokkas
  3 bats
  3 frilled lizards
  3 hobgoblin zombies (Ossuary)
  A jackal skeleton (D:6)
  2 leopard gecko skeletons
  A quokka skeleton (D:6)
  5 rats
271 creatures vanquished.

Vanquished Creatures (others)
  A leopard gecko (D:7)
  2 plants
3 creatures vanquished.

Grand Total: 274 creatures vanquished

Notes
Turn   | Place    | Note
-------+----------+-------------------------------------------
     0 | D:1      | Bombadil the Deep Elf Venom Mage began the quest for the
                  | Orb.
     0 | D:1      | Reached XP level 1. HP: 10/10 MP: 6/6
   185 | D:1      | Reached XP level 2. HP: 15/15 MP: 6/8
   316 | D:1      | Learned a level 2 spell: Poisonous Vapours
   986 | D:2      | Reached XP level 3. HP: 19/19 MP: 0/9
  1172 | D:2      | Noticed an ogre
  1189 | D:2      | Killed an ogre
  1189 | D:2      | Reached skill level 4 in Spellcasting
  1189 | D:2      | Reached skill level 1 in Air Magic
  1189 | D:2      | Reached XP level 4. HP: 24/24 MP: 2/12
  1194 | D:2      | Learned a level 3 spell: Mephitic Cloud
  1199 | D:2      | Learned a level 4 spell: Olgreb's Toxic Radiance
  1360 | D:2      | Found a hazy altar of Hepliaklqana.
  1622 | D:3      | Noticed Terence
  1633 | D:3      | Noticed Ijyb
  1642 | D:2      | Killed Ijyb
  1642 | D:2      | Reached skill level 5 in Spellcasting
  1642 | D:2      | Reached XP level 5. HP: 8/28 MP: 0/14
  2053 | D:4      | Noticed an ogre
  2066 | D:4      | Killed an ogre
  2066 | D:4      | Reached skill level 5 in Poison Magic
  2136 | D:4      | Noticed a +0 dagger
  2136 | D:4      | Noticed a +0 dagger
  2200 | D:4      | Reached skill level 6 in Spellcasting
  2200 | D:4      | Reached XP level 6. HP: 32/32 MP: 11/17
  2212 | D:4      | Learned a level 5 spell: Venom Bolt
  2288 | D:4      | Found a staircase to the Ecumenical Temple.
  2294 | Temple   | Entered the Ecumenical Temple
  2302 | Temple   | Became a worshipper of Vehumet
  2529 | D:4      | Noticed Pikel
  2530 | D:4      | Noticed a slave
  2531 | D:4      | Noticed a slave
  2536 | D:4      | Noticed a slave
  2537 | D:4      | Noticed a slave
  2542 | D:4      | Killed Pikel
  2542 | D:4      | Reached skill level 7 in Spellcasting
  2542 | D:4      | Reached XP level 7. HP: 36/36 MP: 1/20
  2735 | D:4      | Found a hide-covered altar of Uskayaw.
  2901 | D:5      | Entered Level 5 of the Dungeon
  3166 | D:5      | Reached skill level 8 in Spellcasting
  3473 | D:5      | Noticed Grinder
  3641 | D:6      | Reached XP level 8. HP: 34/41 MP: 22/22
  3726 | D:6      | Reached * piety under Vehumet
  3726 | D:6      | Offered knowledge of Flame Tongue by Vehumet.
  3790 | D:6      | Learned a level 1 spell: Flame Tongue
  4215 | D:6      | Found Fevo's Magic Scroll Shop.
  4218 | D:6      | Bought a scroll of identify for 24 gold pieces
  4218 | D:6      | Bought a scroll of teleportation for 36 gold pieces
  4218 | D:6      | Bought a scroll of identify for 24 gold pieces
  4218 | D:6      | Bought a scroll of identify for 24 gold pieces
  4218 | D:6      | Bought a scroll of enchant armour for 90 gold pieces
  4218 | D:6      | Bought a scroll of noise for 12 gold pieces
  4649 | D:6      | Reached skill level 1 in Fire Magic
  4734 | D:6      | Reached skill level 9 in Spellcasting
  4926 | D:7      | Offered knowledge of Throw Frost by Vehumet.
  4985 | D:7      | Reached ** piety under Vehumet
  4985 | D:7      | Reached skill level 1 in Fighting
  5043 | D:7      | Found Awnuwul's Antique Armour Shop.
  5133 | D:7      | Noticed a hippogriff
  5151 | D:7      | Killed a hippogriff
  5151 | D:7      | Reached skill level 10 in Spellcasting
  5151 | D:7      | Reached XP level 9. HP: 40/47 MP: 18/25
  5348 | D:6      | Bought a scroll of remove curse for 36 gold pieces
  5348 | D:6      | Bought a scroll of immolation for 42 gold pieces
  5773 | D:7      | Identified the +7 mace of Pride {venom, *Drain rElec Dex+3}
  5889 | D:7      | Found a sparkling altar of Nemelex Xobeh.
  6116 | D:8      | Found a sand-covered staircase.
  6148 | Ossuary  | Entered an ossuary
  6443 | D:8      | Offered knowledge of Throw Flame by Vehumet.
  6466 | D:8      | Noticed Maurice
  6494 | D:8      | Killed Maurice
  6494 | D:8      | Reached skill level 11 in Spellcasting
  6685 | D:8      | Noticed Joseph
  6703 | D:8      | Killed Joseph
  6703 | D:8      | Reached skill level 1 in Armour
  6909 | D:8      | Reached skill level 5 in Air Magic
  7118 | D:8      | Reached *** piety under Vehumet
  7118 | D:8      | Reached XP level 10. HP: 34/52 MP: 17/27
  7385 | D:8      | Noticed Harold
  7410 | D:8      | Killed Harold
  7410 | D:8      | Reached skill level 12 in Spellcasting
  7702 | D:9      | Found Obuyggal's Gadget Emporium.
  8655 | D:9      | Offered knowledge of Sticky Flame by Vehumet.
  8661 | D:9      | Learned a level 4 spell: Sticky Flame
  8754 | D:9      | Reached skill level 5 in Conjurations
  8811 | D:9      | Found Lima's Magic Scroll Shop.
  8817 | D:9      | Bought a scroll of identify for 28 gold pieces
  8817 | D:9      | Bought a scroll of identify for 28 gold pieces
  9880 | D:3      | Reached skill level 13 in Spellcasting
 10015 | D:3      | Killed Terence
 10079 | D:3      | Found a white marble altar of Elyvilon.
 10378 | D:5      | Killed Grinder
 10883 | D:10     | Entered Level 10 of the Dungeon
 11171 | D:10     | Reached **** piety under Vehumet
 11212 | D:10     | Noticed a two-headed ogre
 11257 | D:10     | Reached XP level 11. HP: 55/55 MP: 21/30
 11262 | D:10     | Offered knowledge of Iskenderun's Battlesphere by Vehumet.
 11262 | D:10     | Reached skill level 10 in Poison Magic
 11409 | D:10     | Found a staircase to the Lair.
 11424 | D:10     | Killed a two-headed ogre
 11424 | D:10     | Reached skill level 5 in Dodging
 11513 | D:10     | Learned a level 5 spell: Iskenderun's Battlesphere
 11560 | D:10     | Found a staircase to the Orcish Mines.
 11560 | D:10     | Found Siecvyost's Armour Shop.
 11613 | D:10     | Found Paqeroo's Lightly-Used Armoury.
 11790 | D:10     | Noticed Erica
 11800 | D:10     | Killed Erica
 11849 | D:10     | Found Roriwnak's Retail Resort.
 12004 | D:10     | Noticed a two-headed ogre
 12027 | D:10     | Killed a two-headed ogre
 12027 | D:10     | Reached skill level 14 in Spellcasting
 12132 | Lair:1   | Entered Level 1 of the Lair of Beasts
 12381 | Lair:1   | Found a gate leading to a gauntlet.
 12390 | Gauntlet | Entered a Gauntlet
 12390 | Gauntlet | Found a transporter.
 12397 | Gauntlet | Found a transporter.
 12399 | Gauntlet | Found a transporter.
 12415 | Gauntlet | Found a transporter.
 12417 | Gauntlet | Found a transporter.
 12431 | Gauntlet | Found a transporter.
 12437 | Gauntlet | Noticed an orange crystal statue
 12441 | Gauntlet | Found a transporter.
 12447 | Gauntlet | Noticed a seven-headed hydra
 12454 | Gauntlet | Found a transporter.
 12464 | Gauntlet | Found a transporter.
 12477 | Gauntlet | Noticed a death ooze
 12479 | Gauntlet | Found a transporter.
 12493 | Gauntlet | Found a runed translucent door.
 12494 | Gauntlet | Found a transporter.
 12494 | Gauntlet | Found a transporter.
 12495 | Gauntlet | Found a runed translucent door.
 12570 | Gauntlet | Found a transporter.
 12573 | Gauntlet | Found a transporter.
 12948 | Gauntlet | Slain by a swamp worm

Levels and vault maps discovered:
D:1:      dpeg_arrival_rooms_with_view, layout_loops_corners
D:2:      layout_rooms, lemuel_round_altar, minmay_misc_feat_four_crosses
D:3:      layout_basic, marbit_many_paths, uniq_ijyb, uniq_terence
D:4:      layout_basic, dancing_weapons_uskayaw,
          minmay_temple_entry_gardened_gates, first_ration, uniq_pikel
D:5:      layout_cave_pools, serial_bayou_pond_b,
          hangedman_abyss_or_decor_lesser_grid, uniq_grinder
D:6:      layout_gridville, serial_undead, serial_undead_c, serial_undead_a,
          serial_undead_e, serial_undead_c, serial_undead_f, serial_undead_e,
          serial_undead_b, serial_undead_d, serial_shops, shop,
          roderic_lattice_a
D:7:      layout_basic, nemelex_altar_shiori, serial_shops,
          nicolae_shop_crystal, lemuel_old_faithful
D:8:      layout_basic, chequers_ossuary_entry_cave, uniq_maurice, uniq_joseph,
          uniq_harold
D:9:      layout_basic, serial_shops, kennysheep_little_box, shop,
          grunt_ogre_cave
D:10:     layout_stronghold, erik_lair_island, orc_david_3, minmay_shop_damaged,
          nicolae_alphabet_shops, item_on_display_a, uniq_erica
Temple:   nicolae_temple_no_exploring_needed
Lair:1:   layout_gridlike, gauntlet_entry_generic, lemuel_fruit_tree
Gauntlet: minmay_gauntlet_77_tree [minmay_gauntlet_arena_77_two_paths,
          minmay_gauntlet_arena_77_cramped,
          minmay_gauntlet_arena_77_hold_the_fort,
          minmay_gauntlet_arena_77_block_sizes,
          minmay_gauntlet_arena_77_tiled_triplets,
          minmay_gauntlet_arena_77_radiant_squares,
          minmay_gauntlet_arena_77_box, nicolae_gauntlet_exit_dead_adventurers]

Skill      XL: |  1  2  3  4  5  6  7  8  9 10 11 |
---------------+----------------------------------+-----
Poison Magic   | 4 5 6 7 8 9 11 | 11.2
Spellcasting   | 4 5 6 7 8 10 11 13 14 | 14.5
Air Magic      | 1 2 3 4 5 6 |  6.7
Stealth        | 3 4 |  4.6
Dodging        | 3 4 5 |  5.1
Conjurations   | 3 4 5 6 |  6.2
Fire Magic     | 2 3 |  3.9
Fighting       | 1 |  1.6
Armour         | 1 2 |  2.9
Maces & Flails | |  0.2
Evocations     | |  0.3

Action                   |  1- 3 |  4- 6 |  7- 9 | 10-12 || total
-------------------------+-------+-------+-------+-------++-------
Melee: Whip              |       |       |    65 |       ||    65
       Mace              |       |       |    14 |    49 ||    63
 Cast: Sting             |    40 |     3 |     8 |     4 ||    55
       Poisonous Vapours |    20 |    32 |    71 |    54 ||   177
       Olgreb's Toxic Ra |       |     4 |    14 |    30 ||    48
       Mephitic Cloud    |       |     2 |     4 |    10 ||    16
       Venom Bolt        |       |     1 |     7 |    48 ||    56
       Flame Tongue      |       |       |   178 |    30 ||   208
       Sticky Flame      |       |       |       |     9 ||     9
 Abil: Evoke Invisibilit |       |       |       |     2 ||     2
  Use: Scroll            |       |       |     9 |     2 ||    11
       Potion            |       |       |     1 |       ||     1
 Stab: Sleeping          |       |       |       |     1 ||     1
       Invisible         |       |       |       |     1 ||     1
  Eat: Chunk             |     1 |     5 |    15 |    17 ||    38
       Ration            |       |       |       |     2 ||     2
Armor: Robe              |    12 |       |    35 |       ||    47
       Leather armour    |       |       |    39 |    47 ||    86
Dodge: Dodged            |    20 |     1 |   135 |    95 ||   251
Block: Other             |       |       |     7 |       ||     7
